 Dungeon Crawl Stone Soup version 0.21.1-1-g345015f (webtiles) character file.

5 Iko the Charmwright (level 1, 0/14 HPs)
             Began as a Halfling Skald on May 1, 2018.
             Slain by an adder (2 damage)
             ... on level 2 of the Dungeon.
             The game lasted 00:02:42 (181 turns).

Iko the Charmwright (Halfling Skald)                 Turns: 181, Time: 00:02:45

Health: 0/14       AC:  3    Str: 12    XL:     1   Next: 88%
Magic:  1/3        EV: 14    Int: 11    God:
Gold:   20         SH:  0    Dex: 13    Spells: 2/3 levels left

rFire    . . .     SeeInvis .   d - +0 dagger
rCold    + . .     Gourm    .   (shield restricted)
rNeg     . . .     Faith    .   a - +0 leather armour
rPois    .         Spirit   .   (no helmet)
rElec    .         Reflect  .   (no cloak)
rCorr    .         Harm     .   (no gloves)
MR       .....                  (no boots)
Stlth    +.........             (no amulet)
HPRegen  0.04/turn              f - ring of protection from cold
MPRegen  0.08/turn              (no ring)

@: lethally poisoned (0 -> -11), infused, very slightly contaminated
A: small, mutation resistance 1
a: no special abilities


You were on level 2 of the Dungeon.
You were not hungry.

You visited 1 branch of the dungeon, and saw 2 of its levels.

You collected 20 gold pieces.

Inventory:

Hand Weapons
 d - a +0 dagger (weapon)
Armour
 a - a +0 leather armour (worn)
Jewellery
 f - a ring of protection from cold (left hand)
Books
 b - a book of Battle

   Spells                             Type                      Level
   a - Infusion                       Charms                       1
   b - Shroud of Golubria             Charms/Translocation         2
   c - Song of Slaying                Charms                       2
   d - Spectral Weapon                Hexes/Charms                 3
   e - Regeneration                   Charms/Necromancy            3
Comestibles
 c - 2 rations


   Skills:
 + Level 1.7 Fighting
 + Level 1.1 Armour
 + Level 2.1 Dodging
 + Level 1.5 Unarmed Combat
 + Level 1.6 Spellcasting
 + Level 3.7 Charms


You had 2 spell levels left.
You knew the following spells:

 Your Spells              Type           Power        Failure   Level  Hunger
a - Infusion              Chrm           #...         9%          1    ##.....


Dungeon Overview and Level Annotations

Branches:
Dungeon (2/15)

Altars:


Innate Abilities, Weirdness & Mutations

You are small and have problems with some larger weapons.
You are somewhat resistant to further mutation.


Message History

The adder bites you but does no damage. The goblin hits you with a dagger.
The adder barely misses you.
You hit the goblin.
You kill the goblin!
The adder bites you.
You are lethally poisoned!
The adder poisons you! The leopard gecko barely misses you.
You hit the leopard gecko but do no damage.
You feel sick. The adder misses you. The leopard gecko closely misses you.
You barely miss the leopard gecko. The adder bites you.
* * * LOW HITPOINT WARNING * * *
You are more poisoned.
The adder poisons you! The leopard gecko closely misses you.
Casting: Infusion
Confirm with . or Enter, or press ? or * to list all spells.
You begin infusing your attacks with magical energy.
* * * LOW HITPOINT WARNING * * *
You feel sick. The adder barely misses you.
The leopard gecko barely misses you. The adder bites you.
You die...

########.
#.....(..
#.#.#.##.
#@l.....(
#.S#.#.#.
#........
#..#.#.#.
#........
##.#.#.#.
.......
######.


You could see an adder and a leopard gecko.

Vanquished Creatures
  2 goblins
  A kobold (D:1)
  A bat (D:1)
  A frilled lizard (D:1)
5 creatures vanquished.

Notes
Turn   | Place    | Note
-------+----------+-------------------------------------------
     0 | D:1      | Iko the Halfling Skald began the quest for the Orb.
     0 | D:1      | Reached XP level 1. HP: 14/14 MP: 3/3
     2 | D:1      | Noticed a vine stalker
     2 | D:1      | Noticed a draconian
     4 | D:1      | Noticed a spriggan
     4 | D:1      | Noticed a ghoul
     6 | D:1      | Noticed a dwarf
     6 | D:1      | Noticed a halfling
     8 | D:1      | Noticed an elf
     8 | D:1      | Noticed an octopode
    10 | D:1      | Noticed a demonspawn
    10 | D:1      | Noticed a naga
    12 | D:1      | Noticed a centaur
    12 | D:1      | Noticed a tengu
    14 | D:1      | Noticed a troll
    14 | D:1      | Noticed a demigod
    16 | D:1      | Noticed a felid
    16 | D:1      | Noticed a minotaur
    18 | D:1      | Noticed a merfolk
    20 | D:1      | Noticed a vampire
    20 | D:1      | Noticed an ogre
    22 | D:1      | Noticed a formicid
    24 | D:1      | Noticed a gargoyle
    26 | D:1      | Noticed a human
   181 | D:2      | Slain by an adder

Action                   || total
-------------------------++-------
Melee: Dagger            ||    19
       Unarmed           ||     1
Throw: Stone             ||     1
 Cast: Infusion          ||     2
Armor: Leather armour    ||     5
Dodge: Dodged            ||    25
